[Event "Late-Titled-Tuesday-Blitz-March-05-2024"]
[Site "Chess.com"]
[Date "2024.03.05"]
[Round "10"]
[White "Zavgorodniy_Sergiy"]
[Black "KetiTsatsalashvili"]
[Result "1/2-1/2"]
[WhiteElo "2619"]
[BlackElo "2494"]
[TimeControl "180+1"]
[EndTime "15:53:22 PST"]
[Termination "Game drawn - insufficient material"]

1. d4 Nf6 2. c4 e6 3. Nf3 d5 4.
e3 Bb4+ 5. Nbd2 O-O 6. Bd3 c5 7. dxc5 Bxc5 8. a3 dxc4 9. Bxc4 a6 10. b4 Ba7 11. Bb2 b5 12. Be2 Qe7 13. O-O Bb7 14.
a4 bxa4 15. Qxa4 Nbd7 16. Nc4 Nb6 17. Nxb6 Bxb6 18. Rfc1 Rfd8 19. h3 h6 20. Nd4 Nd5 21. Nc6 Bxc6 22. Rxc6 Qg5 23. Bf3 Rdb8 24. Rac1 Bd8 25.
Rxa6 Rxa6 26. Qxa6 Nxb4 27. Qa7 Qb5 28. Rc5 Qb6 29.
Qxb6 Bxb6 30. Rb5 Bc7 31. Rxb8+ Bxb8 32. Kf1 Bd6 33. Ke2 f6 34. Kd2 Kf7 35. Be2 Nd5 36.
Bd4 Bb4+ 37. Kc2 g5 38. f3 Be1 39. Bc4 Bf2 40. Kd2 Ke7 41. Ke2 Bg3 42. e4 Nf4+ 43. Kf1 h5 44. Bc5+ Kf7 45. Bd6 h4 46. Bc5 Ng6 47.
Be3 Ne5 48. Bb3 Ng6 49. Ba7 Bf4 50. Kf2 Ne5 51. Bd4 Bg3+ 52. Kf1 Bf4 53. Ba2 Bg3 54. Be3 Nd3 55. Bd2 Bf4 56. Bc3 Be5 57. Ba5 Bg3 58.
Bb6 Ne5 59. Be3 Nd3 60. Bg1 Bf4 61. Bc4 Ne5 62. Bb5 Bg3 63. Ke2 Bf4 64. Kd1 Bg3 65. Bf1 Ng6 66. Bd4 Be5 67. Be3 Bf4 68. Bg1 Bg3 69. Kc2 f5 70. exf5 exf5 71. Bc4+ Kf6 72. Bd4+ Be5 73. Bf2 Nf4 74. Bf1 Nh5 75. Kb3 Bg3 76. Bg1 Be5 77. Kc4 Ng3 78. Bd3 g4 79.
fxg4 fxg4 80. Kd5 gxh3 81. gxh3 Bf4 82. Bd4+ Kg5 83. Ke6 Nh5 84. Be4 Ng3 85. Bf6+ Kh5 86. Bf3+ Kg6 87. Bxh4 Nh5 88. Be7 Bg5 89. Bd6 Nf4+ 90.
Ke5 Nxh3 91. Be4+ Kh5 92. Kf5 Nf4 93. Bf3+ Kh4 94. Be4 Nh5 95. Be5 Ng3+ 96. Bxg3+ Kxg3 1/2-1/2

[Event "Late-Titled-Tuesday-Blitz-March-05-2024"]
[Site "Chess.com"]
[Date "2024.03.05"]
[Round "10"]
[White "Midgardsormur"]
[Black "Pachonpower"]
[Result "1/2-1/2"]
[WhiteElo "2451"]
[BlackElo "2311"]
[TimeControl "180+1"]
[EndTime "15:53:35 PST"]
[Termination "Game drawn - insufficient material"]

1. Nf3 e6 2. c4 d5 3. e3 c6 4. Nc3 Nd7 5. b3 Ngf6 6. Bb2 g6 7.
d4 Bg7 8. Bd3 O-O 9. O-O b6 10.
Qe1 Bb7 11. Rd1 c5 12. cxd5 exd5 13. dxc5 Nxc5 14. Bb1 Qb8 15. Ne2 a5 16. Nf4 Rd8 17. Nd4 Nfe4 18. f3 Nd6 19. Rf2 a4 20. b4 Na6 21. a3 Nc7 22. Ba2 b5 23. Rfd2 Nc4 24. Bxc4 bxc4 25. Nde2 Bxb2 26. Rxb2 Nb5 27. Nd4 Nxd4 28.
Rxd4 Qe5 29. Qc3 Rd6 30. Rxc4 Qxc3 31. Rxc3 d4 32. Rd3 Rad8 33. Rbd2 Rc6 34. exd4 Rc1+ 35. Kf2 Re8 36. Re3 Rec8 37. d5 Ba6 38. d6 h5 39. h4 Bb5 40. d7 Rd8 41. Nd5 Kg7 42.
Nc3 Rxd7 43. Rxd7 Bxd7 44. b5 Rc2+ 45. Kg3 Rb2 46. Rd3 Bxb5 47. Nxb5 Rxb5 48. Rd4 Ra5 49. Kf4 Kf6 50. Rb4 Kg7 51. Ke4 Kh6 52. Kd4 g5 53.
hxg5+ Rxg5 54. Rxa4 Rxg2 55. Ra7 Kg6 56. Ra8 Ra2 57. Ke4 h4 58. Kf4 h3 59. Kg3 h2 60.
Rh8 Rxa3 61. Rxh2 f5 62. Rb2 Ra4 63. Rb3 Kg5 64. Rb8 Rc4 65. Rg8+ Kf6 66. Rh8 Kg7 67.
Rh4 Rc5 68. Rd4 Kg6 69. Kf4 Rc6 70. Ra4 Rf6 71. Ra5 Rf7 72. Re5 Rf6 73. Re7 Rb6 74. Re8 Rb4+ 75. Kg3 Kf6 76. Rf8+ Kg6 77. Re8 Kf6 78. Rd8 Ra4 79. Rd6+ Ke5 80. Rb6 Rc4 81.
Rh6 Ra4 82. Rh4 Ra3 83. Rb4 Ra5 84. f4+ Kd5 85. Kh4 Ke6 86. Rb6+ Kf7 87. Kg5 Rd5 88. Rb7+ Ke6 89. Rg7 Ra5 90. Rg6+ Ke7 91. Rf6 Ra1 92. Rxf5 Rg1+ 93. Kh4 Ke6 94. Rg5 Rh1+ 95. Kg3 Kf6 96. Rg4 Rg1+ 97. Kf3 Rf1+ 98. Ke4 Re1+ 99. Kd3 Kf5 100.
Rh4 Re8 101. Kd4 Re7 102. Kd3 Re8 103. Kd2 Re7 104. Kd1 Re6 105. Kd2 Re7 106. Kd3 Re6 107. Kd4 Re4+ 108. Kd3 Rxf4 109. Rxf4+ Kxf4 1/2-1/2

[Event "Late-Titled-Tuesday-Blitz-March-05-2024"]
[Site "Chess.com"]
[Date "2024.03.05"]
[Round "10"]
[White "annacramling"]
[Black "Charodej1"]
[Result "0-1"]
[WhiteElo "2091"]
[BlackElo "2329"]
[TimeControl "180+1"]
[EndTime "15:53:35 PST"]
[Termination "Charodej1 won by resignation"]

1. d4 Nf6 2. c4 e6 3. Nf3 Bb4+ 4. Bd2 Bxd2+ 5. Qxd2 d5 6. e3 O-O 7. Nc3 Nbd7 8. Qc2 c6 9. Be2 b6 10. O-O Bb7 11.
Rac1 Qe7 12. Rfd1 c5 13. Ne5 cxd4 14. exd4 Rfc8 15. Bf3 Nxe5 16. dxe5 Nd7 17. cxd5 Nxe5 18. Be4 exd5 19. Nxd5 Qh4 20. Qe2 Rxc1 21. Rxc1 Rd8 22. g3 Qh6 23. Rd1 Bxd5 24. Bxd5 Qf6 25. f4 Ng6 26.
Bb3 Rxd1+ 27. Qxd1 Qe7 28. Kg2 Qb7+ 29. Qd5 Qe7 30.
Qa8+ Nf8 31. Qf3 a5 32. h3 g6 33. g4 Kg7 34. f5 f6 35. Kg3 Qe5+ 36. Kg2 Qxb2+ 37.
Kg3 Qe5+ 38. Kf2 g5 39. Bc2 Qc5+ 40. Kg3 Qxc2 41. Qb7+ Kh8 42. Qf7 Qc8 43. Qxf6+ Kg8 44.
Qxg5+ Kf7 45. Qh5+ Ke7 46. Qg5+ Ke8 47. Qh5+ Kd8 48.
Qg5+ Kc7 49. Qf4+ Kb7 50. Qe4+ Ka7 51. Qe7+ Ka6 52. f6 Qb8+ 53. Kf3 Ng6 54. Qe6 Qf4+ 55. Ke2 Qh2+ 56. Kd1 Qh1+ 57. Kc2 Qg2+ 58. Kc1 Qg1+ 59. Kc2 Qc5+ 60. Kd1 Qd4+ 61. Kc1 Qc5+ 62. Kd1 a4 63. f7 Nf8 64. Qe8 Qd6+ 65. Kc1 Nd7 66. f8=Q Nxf8 67. Qxa4+ Kb7 68. Qe4+ Qc6+ 69. Qxc6+ Kxc6 70. Kc2 Kb5 71. h4 Ng6 72. h5 Ne5 73. g5 Kc5 74. Kd2 Kd5 75. Ke3 Ke6 76. Kf4 Nc4 77. a4 Kf7 78. Ke4 Nb2 79. Kd4 Nxa4 80. Kc4 Nc5 81. Kb5 Nd7 82. Kc6 Kg7 83. Kxd7 b5 84. h6+ Kg6 85. Kc6 b4 86. Kc5 b3 87. Kc4 b2 88.
Kc3 b1=Q 89. Kd4 Qb5 90. Kc3 Qxg5 91. Kb2 Qxh6 92. Ka3 Qf4 93. Ka2 Qf3 94. Ka1 Qe2 95. Kb1 Kf5 96. Ka1 h5 97. Kb1 h4 98. Ka1 h3 0-1

[Event "Late-Titled-Tuesday-Blitz-March-05-2024"]
[Site "Chess.com"]
[Date "2024.03.05"]
[Round "10"]
[White "rodp92"]
[Black "OverallStranger"]
[Result "0-1"]
[WhiteElo "2479"]
[BlackElo "2386"]
[TimeControl "180+1"]
[EndTime "15:53:41 PST"]
[Termination "OverallStranger won by checkmate"]

1. e4 c5 2. Nf3 Nc6 3. Bb5 g6 4. O-O Bg7 5. Re1 Nf6 6. Nc3 O-O 7. h3 d6 8. a4 Bd7 9. Bf1 a6 10. d3 h6 11. Nd5 Nxd5 12. exd5 Nd4 13. Nd2 b5 14. c3 Nf5 15. Nf3 h5 16. Bg5 Re8 17. Qd2 Kh7 18. axb5 axb5 19. Rxa8 Qxa8 20. g4 hxg4 21.
hxg4 Nh6 22. Bxe7 Qxd5 23. Ng5+ Kg8 24. Bg2 Qb3 25. f3 b4 26. d4 bxc3 27. bxc3 cxd4 28. cxd4 Qd5 29. Re4 f5 30. Rf4 Rxe7 31. Kh1 fxg4 32. fxg4 Qxg5 33. Rf8+ Bxf8 34. Qxg5 Re1+ 35. Kh2 Nxg4+ 36. Kg3 Re3+ 37. Bf3 Kg7 38. Kg2 Rxf3 39. Kxf3 Nf6 40. Ke2 Kf7 41. Qa5 d5 42. Qc7 g5 43. Qe5 Kg6 44. Kd1 Bf5 45. Ke1 Bb4+ 46. Kf1 Be4 47. Qc7 Bd2 48. Qd8 Bf4 49. Qf8 Ng4 50.
Qe8+ Kf6 51. Qd8+ Kf7 52. Qd7+ Kf6 53. Qxg4 Bf5 54. Qh5 Be4 55. Ke1 Kf5 56. Kd1 Be3 57. Qh7+ Kf4 58. Qf7+ Kg3 59. Qf6 Bf4 60. Ke2 Kg4 61.
Qe6+ Kh5 62. Qf7+ Kh6 63. Qf6+ Kh5 64. Kf2 Kg4 65. Qe6+ Kh5 66. Qh3+ Kg6 67. Qg4 Kf6 68. Qh5 Bg6 69. Qh8+ Kf7 70. Qd8 Be4 71. Qd7+ Kf6 72. Qc6+ Ke7 73. Ke2 Kd8 74. Qb7 Bh1 75. Qg7 Be4 76.
Kf1 Ke8 77. Kf2 Bd6 78. Ke2 Bf8 79. Qxg5 Be7 80. Qh5+ Kd7 81. Qh8 Kd6 82. Qe5+ Kd7 83. Kd2 Bd6 84. Qf6 Be7 85. Qg7 Ke6 86. Kc3 Bf6 87.
Qh6 Kf5 88. Qh3+ Kf4 89. Qh2+ Ke3 90. Qg3+ Bf3 91. Qh4 Bxh4 92. Kb4 Bf6 93. Kc5 Bxd4+ 94. Kb4 Ke4 95. Kb3 Be3 96. Kc2 d4 97. Kb1 d3 98. Kb2 d2 99. Kc2 d1=Q+ 100. Kb2 Bd4+ 101. Ka2 Qc2+ 102. Ka3 Qb2+ 103. Ka4 Ke3 104. Ka5 Bb7 105. Ka4 Bc6+ 106. Ka5 Qb5# 0-1

[Event "Late-Titled-Tuesday-Blitz-March-05-2024"]
[Site "Chess.com"]
[Date "2024.03.05"]
[Round "10"]
[White "jinxy2009"]
[Black "NCchamp"]
[Result "1-0"]
[WhiteElo "2211"]
[BlackElo "2318"]
[TimeControl "180+1"]
[EndTime "15:53:47 PST"]
[Termination "jinxy2009 won by checkmate"]

1. e4 c6 2. d4 d5 3. e5 Bf5 4. h4 h5 5. Bd3 Bxd3 6. Qxd3 Qa5+ 7. Nd2 e6 8. Nf3 Nd7 9. c4 Qa6 10. O-O Bb4 11. a3 Ne7 12. Rd1 Bxd2 13. Nxd2 Nb6 14. b3 Rd8 15. a4 dxc4 16. bxc4 Nf5 17. Bb2 c5 18. d5 Nxd5 19. Ne4 Qb6 20. cxd5 Qxb2 21.
d6 O-O 22. Qc3 Qxc3 23. Nxc3 f6 24. Ne4 fxe5 25. a5 b6 26. axb6 axb6 27. Ra6 Rb8 28. Ng5 Rfd8 29. d7 Rb7 30. Nxe6 Rdxd7 31. Rxd7 Rxd7 32.
Rxb6 Nxh4 33. g3 Rd1+ 34. Kh2 Nf3+ 35. Kg2 Nd4 36. Rb8+ Kf7 37. Ng5+ Kg6 38. Ne4 c4 39. Rc8 Rc1 40. Rc5 Kf5 41. Nd6+ Ke6 42. Nxc4 Nb3 43. Rxe5+ Kf6 44. Re3 Nc5 45. Nd2 Ne6 46. Ne4+ Kg6 47.
Nd2 Ng5 48. Nf3 Nh7 49. Nh4+ Kf7 50. Rf3+ Nf6 51. Nf5 Kg6 52. Nh4+ Kf7 53. Ra3 Rc7 54. Ra6 Rb7 55. Nf3 Rb2 56. Ne5+ Kg8 57. Ra8+ Kh7 58. Nf3 Rb5 59. Nd2 Kg6 60. Nf3 Rb3 61. Nh4+ Kf7 62.
Ra7+ Kf8 63. Ra8+ Kf7 64. Ra7+ Kf8 65. Ra8+ Ke7 66. Ra7+ Nd7 67. Ra2 Rb5 68. Re2+ Kf7 69. Nf3 Nf6 70. Ne5+ Kg8 71. Nf3 Rb3 72. Nh4 Kf7 73. Nf3 Kg6 74. Ne5+ Kh6 75. Nf3 g5 76. Ne5 Rb2 77. Rxb2 Kg7 78. Rb7+ Kg8 79. f4 g4 80.
Ng6 Ne4 81. Ne5 Nf6 82. Rf7 Nd5 83. Ra7 Nf6 84. Kf2 Ne4+ 85. Kg2 Nf6 86. Nd3 Ne4 87.
f5 Nf6 88. Nf4 Kf8 89. Kf2 Ke8 90. Ke3 Nd5+ 91. Nxd5 Kf8 92. Nf4 h4 93. gxh4 g3 94.
Kf3 g2 95. Kxg2 Kg8 96. Kg3 Kf8 97. Kg4 Kg8 98. Kg5 Kh8 99. Kg6 Kg8 100. Ra8# 1-0

[Event "Late-Titled-Tuesday-Blitz-March-05-2024"]
[Site "Chess.com"]
[Date "2024.03.05"]
[Round "10"]
[White "Teidi96"]
[Black "SergioMoralesG"]
[Result "1/2-1/2"]
[WhiteElo "2307"]
[BlackElo "2446"]
[TimeControl "180+1"]
[EndTime "15:53:50 PST"]
[Termination "Game drawn by repetition"]

1. e4 c5 2. c3 Nf6 3. e5 Nd5 4. d4 cxd4 5. Nf3 e6 6. cxd4 d6 7. Bc4 Nc6 8. O-O Be7 9. Qe2 O-O 10. Nc3 Nxc3 11. bxc3 b6 12. Rd1 Bb7 13. exd6 Qxd6 14.
Bd3 Rfd8 15. Bg5 h6 16. Bxe7 Nxe7 17. Be4 Bxe4 18. Qxe4 Rac8 19. Rac1 Qd5 20. Qe2 Qc4 21. Qxc4 Rxc4 22. Ne5 Ra4 23. Rc2 f6 24. Nf3 Rc8 25.
Nd2 Nf5 26. Rdc1 Kf7 27. g4 Nd6 28. c4 e5 29. dxe5 fxe5 30. Kf1 Ke6 31. Ke2 Ra3 32. Nb3 Ne4 33. Rd1 Nc5 34. Nxc5+ Rxc5 35. Rd8 Rca5 36. Re8+ Kf7 37. Rc8 Rxa2 38. Rxa2 Rxa2+ 39. Ke3 Kf6 40. h4 Ra1 41. Rc6+ Kf7 42. Ke4 Re1+ 43. Kf5 Rf1 44. Rc7+ Kf8 45. Ke6 Kg8 46. Rxa7 e4 47. g5 hxg5 48.
hxg5 Kh7 49. Kf5 e3 50. Re7 Rxf2+ 51. Kg4 e2 52. Kg3 Rf5 53. Kg4 Rc5 54. Rxe2 Rxc4+ 55. Kf3 Kg6 56. Re5 Rc5 57. Re6+ Kxg5 58. Rxb6 Rc3+ 59.
Kf2 g6 60. Rb4 Kh5 61. Ra4 g5 62. Kg2 Rc2+ 63. Kg3 Rc3+ 64. Kg2 g4 65. Rb4 Kg5 66. Rb2 Kh4 67. Ra2 Rd3 68. Rb2 Ra3 69. Re2 Rg3+ 70.
Kh2 Rf3 71. Kg2 Rh3 72. Rd2 Kg5 73. Rd5+ Kh4 74. Rd2 Ra3 75. Rc2 Kg5 76. Rb2 Ra4 77. Rc2 Kf4 78. Rb2 Rd4 79. Rc2 Ke3 80. Ra2 Kf4 81. Rb2 Re4 82. Rf2+ Kg5 83. Ra2 Kh4 84.
Rb2 g3 85. Ra2 Kg4 86. Rb2 Rf4 87. Rc2 Rd4 88. Rb2 Kf4 89. Ra2 Re4 90. Rb2 Ra4 91. Rc2 Rd4 92. Rb2 Kg4 93. Ra2 Rf4 94. Rb2 Rf5 95. Rb4+ Rf4 96. Rxf4+ Kxf4 97. Kg1 Kg5 98. Kg2 Kh4 99. Kg1 Kh3 100. Kh1 Kg4 101. Kg2 Kf4 102. Kg1 Kf5 103. Kg2 Kg4 104. Kg1 Kf3 105. Kf1 Ke3 106. Kg2 Kf4 1/2-1/2

[Event "Late-Titled-Tuesday-Blitz-March-05-2024"]
[Site "Chess.com"]
[Date "2024.03.05"]
[Round "10"]
[White "carloseduar100"]
[Black "GilbertoHernandezAmura"]
[Result "0-1"]
[WhiteElo "2358"]
[BlackElo "2467"]
[TimeControl "180+1"]
[EndTime "15:53:53 PST"]
[Termination "GilbertoHernandezAmura won by checkmate"]

1. g3 Nf6 2. Bg2 g6 3. Nf3 Bg7 4. O-O O-O 5. d4 c5 6. c3 Nc6 7.
dxc5 a5 8. Na3 a4 9. Bf4 Qa5 10. Be3 Ng4 11. Nc4 Qb5 12. Nfd2 Nxe3 13. Nxe3 Qxc5 14. Qc2 d6 15. Rad1 Be6 16. Ne4 Qb6 17.
Nd5 Bxd5 18. Rxd5 Rfc8 19. Qd2 Ne5 20. Ng5 Nc4 21. Qf4 f6 22. Ne6 Qxb2 23. Nxg7 Kxg7 24. Rd4 e5 25. Qg4 exd4 26. Qd7+ Kh8 27. Qf7 Rf8 28.
Qxc4 Qxc3 29. Qe6 Qc5 30. Bxb7 Rab8 31. Bf3 Qe5 32. Qd7 Rfd8 33. Qxa4 Qc5 34. h4 Kg7 35. Rd1 Rb4 36. Qa3 Rb1 37. Qd3 Rxd1+ 38. Qxd1 Rb8 39. Kg2 h5 40. a4 Rb4 41. Qa1 Qa5 42. Bc6 g5 43. hxg5 fxg5 44. Qc1 Qc5 45. Qxc5 dxc5 46. Kf3 Kf6 47. Ke4 Ke6 48. Kd3 Kd6 49. Bb5 Rb3+ 50. Ke4 Ra3 51. f4 Re3+ 52. Kf5 g4 53. Kg5 Rxg3 54.
Kxh5 Rg1 55. Kh4 Ke6 56. Bd3 Kf6 57. a5 g3 58. Kh3 g2 59. Kh2 Rf1 60. Kxg2 Rxf4 61.
a6 Rg4+ 62. Kf3 Rg7 63. Ke4 Ke6 64. Bc4+ Kd6 65. Kd3 Kc6 66. Ke4 Re7+ 67. Kd3 Kb6 68. Kd2 Re3 69. Bd3 Re7 70. Bc4 Ka5 71. Kd3 Kb4 72. Bd5 Re3+ 73. Kd2 Ra3 74. Bb7 c4 75. Kc2 d3+ 76. exd3 cxd3+ 77. Kd2 Kc4 78. Bc8 Ra2+ 79. Ke3 Kc3 80. Be6 Rxa6 81. Bf5 d2 82. Bg4 Rd6 83. Bd1 Kb2 84. Ke2 Kc1 85. Ba4 d1=Q+ 86. Bxd1 Rxd1 87. Ke3 Kc2 88. Ke4 Kc3 89. Ke3 Re1+ 90. Kf2 Re8 91. Kf3 Kd4 92. Kf2 Kd3 93. Kf3 Rf8+ 94. Kg4 Ke3 95. Kg5 Ke4 96. Kg6 Rf1 97. Kg5 Rf2 98. Kg6 Ke5 99. Kg5 Rg2+ 100. Kh4 Kf5 101. Kh3 Rg1 102. Kh2 Rg8 103. Kh3 Kf4 104. Kh2 Kf3 105. Kh1 Kf2 106.
Kh2 Rh8# 0-1

[Event "Late-Titled-Tuesday-Blitz-March-05-2024"]
[Site "Chess.com"]
[Date "2024.03.05"]
[Round "10"]
[White "Supelyel"]
[Black "Sjakkerntobi"]
[Result "1/2-1/2"]
[WhiteElo "2389"]
[BlackElo "2484"]
[TimeControl "180+1"]
[EndTime "15:54:00 PST"]
[Termination "Game drawn by 50-move rule"]

1. c4 c5 2. g3 g6 3. Bg2 Bg7 4. Nc3 Nc6 5. Nf3 d6 6. O-O Bf5 7. d3 Qd7 8. Nd5 Nf6 9. e4 Bg4 10. h3 Bxh3 11. Bxh3 Qxh3 12. Nc7+ Kd7 13. Ng5 Qg4 14.
Qxg4+ Nxg4 15. Nxa8 Bd4 16. Kg2 f6 17. Nf3 Bxf2 18. Rxf2 Nxf2 19. Kxf2 Rxa8 20. g4 Ke6 21. Bd2 Kf7 22. Rh1 Kg7 23. Bc3 e5 24. g5 f5 25.
Kg3 f4+ 26. Kg2 Rb8 27. a4 a6 28. a5 Rh8 29. Rh6 Rf8 30. Kf2 Re8 31. Nh2 Nd8 32.
Ng4 Nf7 33. Rxh7+ Kxh7 34. Nf6+ Kg7 35. Nxe8+ Kf8 36. Nf6 Nxg5 37. Nd5 Ne6 38. b4 Ke8 39. b5 Kd7 40. Nf6+ Ke7 41. Nd5+ Kd7 42. Kf3 Ke8 43.
Kg4 Kf7 44. Nb6 Ke8 45. Nc8 Kd7 46. Nb6+ Kd8 47. Nd5 Kd7 48. Nf6+ Ke7 49. Nh7 Nc7 50. b6 Ne6 51. Ng5 Nd8 52. Kf3 Kf6 53. Kg4 Nc6 54. Nh3 Ne7 55. Nxf4 Kf7 56. Nd5 Nc6 57. Nc7 Ke7 58.
Kg5 Kf7 59. Nd5 Nd8 60. Ne3 Nc6 61. Kg4 Nd8 62. Kg5 Ne6+ 63. Kh6 Nf4 64. Nd5 Nxd3 65. Nc7 Ke7 66. Nxa6 Kd7 67. Nc7 Kc6 68. Nd5 Nf2 69. Nf6 Nd1 70. Bd2 Nb2 71. Kxg6 Nxc4 72. Bc3 Kb5 73.
Kf7 Nxa5 74. Bxa5 Kxa5 75. Nd5 Kb5 76. Ke6 Kc6 77. Ke7 c4 78. Ke6 Kc5 79. Kd7 Kd4 80.
Kc7 Kxe4 81. Nb4 Kd4 82. Kxb7 Kc3 83. Na2+ Kb2 84. Kc6 Kxa2 85. b7 c3 86. b8=Q c2 87.
Qb7 c1=Q+ 88. Kxd6 Qc3 89. Qd5+ Kb1 90. Qxe5 Qb4+ 91. Qc5 Qf4+ 92. Kc6 Qe4+ 93. Kb6 Ka2 94. Qa5+ Kb1 95. Qb5+ Kc1 96. Qc5+ Kd1 97. Qb5 Qe6+ 98. Qc6 Qe3+ 99. Qc5 Qb3+ 100. Qb5 Qe6+ 101. Qc6 Qe3+ 102. Qc5 Qh6+ 103. Qc6 Qf8 104. Qd5+ Ke1 105. Qc6 Qb4+ 106. Qb5 Qd4+ 107. Qc5 Qd8+ 108. Qc7 Qd4+ 109. Qc5 Qb2+ 110. Qb5 Qf6+ 111. Qc6 Qf2+ 112. Qc5 Qf7 113. Qc7 Qb3+ 114. Kc6 Ke2 115. Qd6 Qa4+ 116. Kd5 Ke3 117. Ke6 Qg4+ 118. Ke7 Qg7+ 119. Ke6 Qg8+ 120. Ke7 Qh7+ 121. Ke6 Qh6+ 122. Ke7 Qg7+ 123. Ke6 Qg4+ 124. Ke7 Qa4 125. Qe6+ Kf3 126. Qf5+ Kg3 127. Qe5+ Kg4 128. Qe6+ Kg5 129. Qf6+ Kh5 130. Qf7+ Kg4 131. Qf6 Qa7+ 132. Ke6 Qb6+ 133. Ke7 Qc7+ 134. Ke6 Qc6+ 135. Ke7 Qb7+ 136. Ke6 Qb6+ 137. Ke7 Qb4+ 138. Ke6 Qe1+ 139. Kf7 Qb1 140. Qg6+ 1/2-1/2

[Event "Late-Titled-Tuesday-Blitz-March-05-2024"]
[Site "Chess.com"]
[Date "2024.03.05"]
[Round "10"]
[White "NateSolon"]
[Black "SnekkerAndersen"]
[Result "1-0"]
[WhiteElo "2697"]
[BlackElo "2704"]
[TimeControl "180+1"]
[EndTime "15:54:05 PST"]
[Termination "NateSolon won by resignation"]

1. d4 a6 2. e4 h6 3. Nf3 d6 4. Bc4 e6 5. O-O Nc6 6. d5 Ne5 7. Nxe5 dxe5 8. dxe6 Bxe6 9. Bxe6 fxe6 10. Qh5+ Ke7 11.
Rd1 Qe8 12. Qxe5 Qc6 13. Nc3 Kf7 14. Bf4 Bd6 15. Qh5+ g6 16. Qf3 Kg7 17. Bxd6 cxd6 18. Qd3 Rd8 19. e5 d5 20. Ne2 Ne7 21. Nd4 Qd7 22. Qh3 Nf5 23. Nxf5+ gxf5 24. Rd3 Kh7 25. Rad1 Qc7 26. Qh5 Rhg8 27. Rg3 Rxg3 28. hxg3 Rg8 29. Qe2 Qb6 30. c3 Rxg3 31. Rd4 Rg7 32. Rh4 Qd8 33.
Rb4 b5 34. Qe3 Qe8 35. g3 a5 36. Rh4 Qg6 37. Kg2 h5 38. Qe2 Kh6 39. Qxb5 Qg5 40.
Qa4 Qd2 41. Qf4+ Qxf4 42. Rxf4 Rb7 43. b3 Rc7 44. c4 Rc5 45. cxd5 Rxd5 46. Rf3 Rxe5 47.
Re3 Rc5 48. Rxe6+ Kg7 49. Ra6 Kf7 50. Kf3 Ke7 51. Kf4 Rc2 52. Rxa5 Rxf2+ 53. Kg5 Rf3 54. Rxf5 Rxg3+ 55. Kxh5 Rg2 56. Ra5 Kd6 57. Kh4 Kc6 58.
Kh3 Rg8 59. Ra4 Kb5 60. Rg4 Ra8 61. a4+ Ka5 62. Kg2 Rb8 63. Rg3 Kb4 64. Kf2 Re8 65. Re3 Rh8 66. Ke2 Rd8 67. Rd3 Re8+ 68. Kd2 Re4 69. Kc2 Re2+ 70. Rd2 Re4 71. Kb2 Rh4 72. Rc2 Rg4 73. Rf2 Rh4 74. Rf3 Rh2+ 75. Kc1 Rh4 76. Kd2 Rh2+ 77. Ke1 Rh4 78. Rd3 Re4+ 79. Kd2 Rh4 80.
Ke3 Rh3+ 81. Ke4 Rh4+ 82. Kd5 Rh5+ 83. Kc6 Rh6+ 84. Rd6 Rh5 85. Rd3 Rh6+ 86. Kd5 Rh5+ 87. Ke4 Rh4+ 88. Ke3 Rh3+ 89. Kd2 Rh2+ 90. Ke1 Rh1+ 91.
Kf2 Rh2+ 92. Kg3 Rh8 93. Rf3 Rg8+ 94. Kf2 Rg4 95. Ke2 Rh4 96. Kd2 Rh2+ 97. Kc1 Rh1+ 98.
Kc2 Rh2+ 99. Kd1 Rh1+ 100. Ke2 Rh2+ 101. Rf2 Rh4 102. Rf3 Rg4 103. Kf2 Rh4 104. Rd3 Rg4 105. Kf3 Rh4 106. Re3 Rh8 107. Ke2 Rh2+ 108. Kf3 Rh4 109. Re4+ Rxe4 110.
Kxe4 Kxb3 111. a5 1-0

[Event "Late-Titled-Tuesday-Blitz-March-05-2024"]
[Site "Chess.com"]
[Date "2024.03.05"]
[Round "10"]
[White "RantomOpening"]
[Black "Abduzhaparov"]
[Result "1/2-1/2"]
[WhiteElo "2585"]
[BlackElo "2469"]
[TimeControl "180+1"]
[EndTime "15:55:19 PST"]
[Termination "Game drawn by 50-move rule"]

1. c4 d6 2. Nf3 e5 3. Nc3 Nc6 4. e3 f5 5. d4 e4 6. Ng1 Nf6 7. h4 Be7 8. Nh3 O-O 9. Nf4 Qe8 10. Be2 Bd8 11. a3 Ne7 12. b4 Ng6 13. g3 Nxf4 14. gxf4 Ng4 15. Bxg4 fxg4 16. Bb2 Bf5 17. d5 Bf6 18. Qd2 h5 19. Ne2 Qe7 20. Bxf6 Qxf6 21. Qd4 c6 22. dxc6 bxc6 23. Rd1 Rad8 24. Ng3 g6 25.
Nxe4 Qxd4 26. Rxd4 c5 27. bxc5 dxc5 28. Nxc5 Rc8 29.
Ne4 Rfd8 30. Nf6+ Kf7 31. Nd5 Rxd5 32. Rxd5 Be4 33. O-O Bxd5 34. cxd5 Rc3 35. Rd1 Rxa3 36. d6 Ke8 37. Kg2 Ra4 38. f3 Kd7 39. e4 Ra2+ 40.
Kg3 Ra3 41. e5 Rxf3+ 42. Kg2 Re3 43. Ra1 Re2+ 44. Kg3 Re3+ 45. Kg2 Re2+ 46. Kf1 Re4 47. Rxa7+ Kd8 48. Rf7 Ke8 49. Rf6 g3 50. Kg2 Re3 51. Rxg6 Kf7 52. f5 Rxe5 53. Rxg3 Rxf5 54. Re3 Rd5 55.
Re7+ Kf8 56. Rd7 Ke8 57. Rh7 Rxd6 58. Rxh5 Kf8 59. Kg3 Kg7 60. Kg4 Rd4+ 61. Kg3 Rd3+ 62. Kf2 Rd2+ 63. Ke3 Rg2 64. Kf4 Ra2 65. Rc5 Ra4+ 66.
Kg5 Kh7 67. h5 Ra7 68. Rb5 Kh8 69. Kg6 Ra6+ 70. Kf7 Ra7+ 71. Kf6 Ra6+ 72. Kg5 Ra7 73. Rb6 Kh7 74. Rb5 Rc7 75. Rf5 Ra7 76. Rd5 Rc7 77.
Ra5 Rb7 78. h6 Rc7 79. Rd5 Rb7 80. Rc5 Ra7 81. Kh5 Rb7 82. Ra5 Rc7 83. Rb5 Rd7 84. Kg5 Rc7 85. Kg4 Rd7 86. Rb8 Rc7 87. Kf5 Rd7 88.
Ke6 Rc7 89. Rb1 Ra7 90. Kd6 Rf7 91. Rb8 Ra7 92. Rf8 Rb7 93. Kc6 Ra7 94. Rf2 Ra6+ 95. Kb5 Rd6 96. Re2 Rf6 97. Kc5 Rg6 98. Re7+ Kxh6 99.
Kd5 Rg5+ 100. Ke4 Rg6 101. Kf5 Rg5+ 102. Kf6 Rg6+ 103. Kf5 Rg5+ 104. Kf4 Rg6 105. Ra7 Rb6 106. Ra1 Rc6 107. Kf5 Rb6 108. Ke5 Rc6 109. Rb1 Ra6 110. Kd5 Ra5+ 111. Ke4 Rg5 112. Kf4 Ra5 113. Rh1+ Kg6 114. Rg1+ Kf6 115. Rb1 Ra4+ 116. Ke3 Ra5 117. Rb6+ Ke7 118. Rh6 Kf7 119. Kd4 Rb5 120. Rh7+ Kg6 121. Rh1 Ra5 122. Kc4 Kf6 123. Kb4 Rf5 124. Rh8 Kg6 125. Rg8+ Kf7 126. Rc8 Kf6 127. Kc3 Kf7 128. Kd4 Kf6 129. Ke4 Ra5 130. Rc4 Kf7 131. Kf4 Ke6 132. Rb4 Kd6 133. Rd4+ Kc5 134. Rd8 Kc6 135. Rd1 Kc5 136. Ke5 Kc6+ 137. Ke6 Kc7 138. Rc1+ Kb7 139. Kd6 Rh5 140. Rb1+ Ka6 141. Rb8 Rh6+ 142. Ke7 Rh7+ 143. Kf6 Rh6+ 144. Kg5 Rb6 145. Ra8+ Kb7 146. Ra1 Rb5+ 147. Kf6 Rb6+ 148. Ke7 Rc6 1/2-1/2

[Event "Late-Titled-Tuesday-Blitz-March-05-2024"]
[Site "Chess.com"]
[Date "2024.03.05"]
[Round "11"]
[White "GAO"]
[Black "santosalberto1987"]
[Result "0-1"]
[WhiteElo "2332"]
[BlackElo "2559"]
[TimeControl "180+1"]
[EndTime "15:57:39 PST"]
[Termination "santosalberto1987 won by resignation"]

1. Nf3 Nf6 2. b3 g6 3. Bb2 Bg7 4. g3 O-O 5. Bg2 b6 6. O-O Bb7 7. c4 c5 8. Nc3 d5 9. cxd5 Nxd5 10. Qc2 Nc6 11. Nxd5 Qxd5 12. Ne5 Qxg2+ 13. Kxg2 Nd4+ 14.
Nf3 Nxc2 15. Bxg7 Kxg7 16. e3 Nxa1 0-1

[Event "Late-Titled-Tuesday-Blitz-March-05-2024"]
[Site "Chess.com"]
[Date "2024.03.05"]
[Round "11"]
[White "DeArron_Fox"]
[Black "traack"]
[Result "1-0"]
[WhiteElo "2558"]
[BlackElo "2441"]
[TimeControl "180+1"]
[EndTime "15:57:59 PST"]
[Termination "DeArron_Fox won by resignation"]

1. d4 Nf6 2. c4 e6 3. Nf3 d5 4.
Nc3 Be7 5. Bf4 O-O 6. e3 b6 7. cxd5 exd5 8. Bd3 Bb7 9. O-O Nbd7 10. Ne5 c5 11. Qf3 Rc8 12. Qh3 Re8 13. Nxd7 Qxd7 14. Bxh7+ Kf8 15. Bf5 Qc6 16. Qh8+ Ng8 17. Bh7 1-0

[Event "Late-Titled-Tuesday-Blitz-March-05-2024"]
[Site "Chess.com"]
[Date "2024.03.05"]
[Round "11"]
[White "BabageldiAnnaberdiyev"]
[Black "masterofpuppets2"]
[Result "1-0"]
[WhiteElo "2618"]
[BlackElo "2490"]
[TimeControl "180+1"]
[EndTime "15:58:06 PST"]
[Termination "BabageldiAnnaberdiyev won by resignation"]

1. e4 e5 2. Nf3 Nc6 3. Bc4 Nf6 4. d4 exd4 5. O-O Nxe4 6. Re1 d5 7. Bxd5 Qxd5 8. Nc3 Qd7 9. Rxe4+ Be7 10. Nxd4 f5 11.
Rf4 O-O 12. Nxc6 Qxc6 13. Qd5+ Qxd5 14. Nxd5 Bd6 15. Rd4 Be6 16. Bf4 Rfd8 17. Rad1 Bc5 18. Nf6+ 1-0

[Event "Late-Titled-Tuesday-Blitz-March-05-2024"]
[Site "Chess.com"]
[Date "2024.03.05"]
[Round "11"]
[White "picturesquecheck"]
[Black "jinxy2009"]
[Result "1-0"]
[WhiteElo "2412"]
[BlackElo "2207"]
[TimeControl "180+1"]
[EndTime "15:58:10 PST"]
[Termination "picturesquecheck won by checkmate"]

1. e4 c5 2. Nf3 Nc6 3. d4 cxd4 4.
Nxd4 Nf6 5. Nc3 e5 6. Ndb5 d6 7. Bg5 a6 8. Na3 b5 9. Bxf6 gxf6 10. Nd5 f5 11. Bxb5 axb5 12. Nxb5 Ra4 13. b4 Rxb4 14. Nbc7+ Kd7 15. O-O Qg5 16. exf5 Rg8 17. g3 Rd4 18. Qe2 Ne7 19. Qb5+ Kd8 20. Qe8# 1-0

[Event "Late-Titled-Tuesday-Blitz-March-05-2024"]
[Site "Chess.com"]
[Date "2024.03.05"]
[Round "11"]
[White "VojtechPlat"]
[Black "NateSolon"]
[Result "1-0"]
[WhiteElo "2874"]
[BlackElo "2693"]
[TimeControl "180+1"]
[EndTime "15:59:02 PST"]
[Termination "VojtechPlat won by resignation"]

1. e4 c5 2. Nf3 Nf6 3. e5 Nd5 4. Nc3 e6 5. Ne4 f5 6. Nc3 Ne7 7. d4 cxd4 8. Nxd4 a6 9. f4 Nbc6 10. Be3 Nxd4 11. Qxd4 Nc6 12. Qd2 g5 13. Be2 g4 14.
O-O-O h5 15. h3 Rg8 16. hxg4 hxg4 17. Rh7 Be7 18. Na4 Qa5 19. Rxe7+ Kxe7 20. Qd6+ Kf7 21. Nb6 Rb8 22. a3 1-0

[Event "Late-Titled-Tuesday-Blitz-March-05-2024"]
[Site "Chess.com"]
[Date "2024.03.05"]
[Round "11"]
[White "dimoni64"]
[Black "lasRojas"]
[Result "0-1"]
[WhiteElo "1973"]
[BlackElo "2274"]
[TimeControl "180+1"]
[EndTime "15:59:04 PST"]
[Termination "lasRojas won by checkmate"]

1. d4 Nf6 2. c4 e6 3. Nc3 Bb4 4.
e3 O-O 5. Bd3 d5 6. Nf3 dxc4 7.
Bxc4 c5 8. O-O cxd4 9. exd4 b6 10. a3 Bxc3 11. bxc3 Bb7 12. Qe2 Nc6 13. Bb2 Rc8 14. Bd3 Ne7 15. Ne5 Ned5 16. Rac1 Nf4 17. Qe3 Nxg2 18.
Qg3 Nh5 19. Qg4 Ngf4 20. Bb1 Qh4 21. Qxh4 Ne2# 0-1